 Dungeon Crawl Stone Soup version 0.20.0-8-g6b59dc7 (webtiles) character file.

33 MDvedh the Sneak (level 3, 0/21 HPs)
             Began as a Kobold Assassin on May 30, 2017.
             Slain by a gnoll
             ... wielding a +0 flail of protection
              (6 damage)
             ... on level 2 of the Dungeon.
             The game lasted 00:01:51 (669 turns).

MDvedh the Sneak (Kobold Assassin)                   Turns: 669, Time: 00:01:52

Health: 0/21       AC:  4    Str:  8    XL:     3   Next: 47%
Magic:  3/3        EV: 14    Int: 12    God:
Gold:   96         SH:  0    Dex: 17    Spells: 2/2 levels left

rFire    . . .     SeeInvis .   o - +1 dagger (vamp)
rCold    . . .     Gourm    .   (shield restricted)
rNeg     . . .     Faith    .   c - +0 robe
rPois    .         Spirit   .   j - +0 helmet
rElec    .         Reflect  .   d - +0 cloak
rCorr    .         Harm     .   (no gloves)
MR       .....                  (no boots)
Stlth    +++.......             h - amulet of rage
Regen    0.1/turn               (no ring)
MPRegen  0.1/turn               (no ring)

@: no status effects
A: carnivore 3
a: Evoke Berserk Rage


You were on level 2 of the Dungeon.
You were not hungry.

You visited 1 branch of the dungeon, and saw 2 of its levels.

You collected 96 gold pieces.

Inventory:

Hand Weapons
 a - a +2 dagger
 b - a +0 blowgun
 o - a +1 vampiric dagger (weapon)
Missiles
 e - 16 poisoned needles
 f - 2 curare-tipped needles
Armour
 c - a +0 robe (worn)
 d - a +0 cloak (worn)
 j - a +0 helmet (worn)
Jewellery
 h - an amulet of rage (around neck)
Scrolls
 l - a scroll of enchant armour {unknown}
 m - a scroll of remove curse {unknown}
 p - a scroll of recharging {unknown}
Potions
 k - a potion of haste {unknown}
 n - a potion of mutation {unknown}
Comestibles
 g - 2 meat rations
 i - a royal jelly


   Skills:
 - Level 2.1 Fighting
 + Level 4.8 Short Blades
 - Level 2.1 Throwing
 - Level 1.2 Dodging
 - Level 5.3 Stealth


You had 2 spell levels left.
You didn't know any spells.

Dungeon Overview and Level Annotations

Branches:
Dungeon (2/15)

Altars:
Uskayaw


Innate Abilities, Weirdness & Mutations

You are small and have problems with some larger weapons.
You are carnivorous and can eat meat at any time.


Message History

You barely miss the gnoll. The gnoll hits you.
You closely miss the gnoll. You hit the gnoll.
You feel better.
The gnoll is lightly wounded.
The gnoll barely misses you.
You hit the gnoll.
The gnoll is moderately wounded.
The gnoll hits you!
The gnoll shouts!
You hit the gnoll but do no damage.
The gnoll is moderately wounded.
You hit the gnoll.
You feel better.
The gnoll is heavily wounded.
The gnoll hits you!
You hit the gnoll.
The gnoll is severely wounded.
The gnoll hits you.
* * * LOW HITPOINT WARNING * * *
The gnoll hits you with a flail of protection.
You die...

#...%...##.###......#.....#.###
#.......##.....)....#...##....#
#....(..##..........#..........
#.......##..........#..........
#.......##..........#.%........
#.......##....####.............
###.........†...#......######....
#......###......gg..........#....
#......# #.....#@..........%+.###
#......# ###...#............####
#.....#####...##............+..##
#......†....................##.##
##....#####....#.....###..##....'
##..........#<...#....#........#
#......#...................<..#
#......# ..................#...
###......# ............#.[......


You could see 2 gnolls.

Vanquished Creatures
  A gnoll (D:2)
  A dart slug (D:1)
  A leopard gecko (D:2)
  A ball python (D:2)
  4 bats
  A giant cockroach (D:1)
  2 hobgoblins
  2 frilled lizards
  3 goblins
  2 kobolds (D:2)
  4 rats
22 creatures vanquished.

Notes
Turn   | Place    | Note
-------+----------+-------------------------------------------
     0 | D:1      | MDvedh the Kobold Assassin began the quest for the Orb.
     0 | D:1      | Reached XP level 1. HP: 12/12 MP: 1/1
   163 | D:1      | Reached XP level 2. HP: 10/17 MP: 2/2
   392 | D:1      | You fall through a shaft!
   578 | D:2      | Found a hide-covered altar of Uskayaw.
   602 | D:2      | Reached XP level 3. HP: 18/21 MP: 3/3
   669 | D:2      | Slain by a gnoll

Skill      XL: |  1  2 |
---------------+-------+-----
Short Blades   | 3 4 |  4.8
Fighting       | |  2.1
Throwing       | |  2.1
Dodging        | |  1.2
Stealth        | |  5.3

Action                   || total
-------------------------++-------
Melee: Dagger            ||    60
 Fire: Blowgun           ||     3
 Stab: Sleeping          ||     9
  Eat: Chunk             ||     4
Armor: Robe              ||     8
Dodge: Dodged            ||    21
